[Event "Prague Festival Challengers 2019"]
[Site "Prague"]
[Date "2019.03.09"]
[Round "4.2"]
[White "Bartel, Mateusz"]
[Black "Michalik, Peter"]
[Result "1/2-1/2"]
[ECO "C67"]
[WhiteElo "2600"]
[BlackElo "2565"]
[Annotator "ChessBase"]
[PlyCount "97"]
[EventDate "2019.03.06"]
[EventType "tourn"]
[EventCountry "CZE"]
[SourceTitle "playchess.com"]
[Source "ChessBase"]
[SourceQuality "1"]
[TimeControl "40/5400+30:1800+30"]

1. e4 e5 2. Nf3 Nc6 3. Bb5 Nf6 4. O-O Nxe4 5. Re1 Nd6 6. Nxe5 Nxe5 7. Rxe5+ Be7 8. Bf1 O-O 9. d4 Bf6 10. Re1 Re8 11. Rxe8+ Nxe8 12. d5 d6 13. Nd2 Be7 14. Nc4 Nf6 15. Bf4 Bf5 16. Ne3 Bg6 17. Be2 Nd7 18. c3 Nc5 19. g3 a5 20. h4 h6 21. Ng4 Qd7 22. Be3 Ne4 23. a4 Nf6 24. Bd4 Nxg4 25. Bxg4 Bf5 26. Bxf5 Qxf5 27. Qe2 Qd7 28. Re1 Bf8 29. b3 c5 30. Be3 Qf5 31. c4 Re8 32. Kg2 h5 33. Qf3 Qxf3+ 34. Kxf3 b6 35. g4 hxg4+ 36. Kxg4 Re4+ 37. f4 g6 38. h5 Bg7 39. hxg6 fxg6 40. Bf2 Rxe1 41. Bxe1 Bf6 42. f5 gxf5+ 43. Kxf5 Kf7 44. Bg3 Be7 45. Bf4 Bf8 46. Bg5 Bg7 47. Bd8 Bc3 48. Bxb6 Ke7 49. Ke4 1/2-1/2